 Dungeon Crawl Stone Soup version 0.15.0-27-gbdb0435 (webtiles) character file.

72690 Rhoefr the Fighter (level 15, -10/84 HPs)
             Began as a Vine Stalker Skald on Sept 11, 2014.
             Was the Champion of Okawaru.
             Mangled by an orc warrior
             ... wielding a +0 glaive
              (30 damage)
             ... on Level 4 of the Orcish Mines.
             The game lasted 02:46:52 (22264 turns).

Rhoefr the Fighter (Vine Stalker Skald)            Turns: 22264, Time: 02:46:54

HP -10/84        AC 16     Str 13      XL: 15   Next: 40%
MP   0/34        EV 21     Int 15      God: Okawaru [******]
Gold 1330        SH  6     Dex 23      Spells: 12 memorised,  1 level left

rFire  + . .     SeeInvis .     a - +7 dagger (speed)
rCold  . . .     Clarity  +     H - +3 leather armour {rF+}
rNeg   + . .     rCorr    .     K - +0 buckler
rPois  +         rRot     +     v - +2 hat
rElec  .         Spirit   +     r - +1 cloak "Xenwuzy" {Int+3 Slay+3}
SustAb .         Warding  +     S - +0 pair of gloves
rMut   .         Stasis   .     T - +2 pair of boots of the Evil One {Str-2 Dex+3}
Gourm  .                        A - amulet of warding
MR     +....                    y - ring of regeneration
                                o - +6 ring of slaying

@: regenerating, studying Armour, repel missiles, somewhat resistant to hostile
enchantments, quite stealthy
A: fangs 3, clarity, poison resistance, regeneration 3, magic shield, antimagic
bite, no device heal 3, rot immunity
a: Heroism, Finesse, Renounce Religion


You were on level 4 of the Orcish Mines.
You worshipped Okawaru.
Okawaru was exalted by your worship.
You were not hungry.

You visited 4 branches of the dungeon, and saw 25 of its levels.
You also visited: Labyrinth, Bailey and Volcano.

You collected 2833 gold pieces.
You spent 1503 gold pieces at shops.

Inventory:

Hand weapons
 a - a +7 dagger of speed (weapon)
Missiles
 n - 5 poisoned javelins (quivered)
Armour
 r - the +1 cloak "Xenwuzy" (worn) {Int+3 Slay+3}
   (Okawaru gifted it to you on level 7 of the Lair of Beasts)

   It affects your intelligence (+3).
   It affects your accuracy and damage with ranged weapons and melee attacks
   (+3).
 v - a +2 hat (worn)
 H - a +3 leather armour of fire resistance (worn)
 K - a +0 buckler (worn)
 S - a +0 pair of gloves (worn)
 T - the cursed +2 pair of boots of the Evil One (worn) {Str-2 Dex+3}
   (You bought it in a shop on level 5 of the Dungeon)

   It affects your strength (-2).
   It affects your dexterity (+3).
   It has a curse placed upon it.
Magical devices
 f - a wand of digging (13)
 J - a wand of fire (6)
 L - a wand of fire (3)
 Q - a wand of disintegration (12)
 Y - a wand of draining (2)
 Z - a wand of cold (4)
Comestibles
 d - 12 bread rations
 l - 2 meat rations
Scrolls
 i - 2 scrolls of enchant armour
 k - a scroll of fog
 p - 10 scrolls of teleportation
 q - 6 scrolls of recharging
 s - a scroll of identify
 t - 8 scrolls of remove curse
 E - 3 scrolls of amnesia
 X - a scroll of fear
Jewellery
 g - an uncursed ring of magical power
 o - a +6 ring of slaying (left hand)
 y - a ring of regeneration (right hand)
 A - an amulet of warding (around neck)
 G - an uncursed ring of ice
 M - an uncursed ring of protection from cold
 N - an uncursed ring of see invisible
 U - an uncursed ring of wizardry
Potions
 e - 2 potions of flight
 h - 3 potions of invisibility
 j - a potion of berserk rage
 m - 4 potions of agility
 u - 2 potions of restore abilities
 w - 2 potions of might
 x - a potion of resistance
 C - 13 potions of curing
 D - a potion of haste
 F - a potion of brilliance
 I - 2 potions of cancellation
 R - a potion of magic
 W - a potion of cure mutation
Books
 z - a book of Air

   Spells                             Type                      Level
   Shock                              Conjuration/Air              1
   *Swiftness                         Charms/Air                   2
   *Repel Missiles                    Charms/Air                   2
   *Flight                            Charms/Air                   3
   Static Discharge                   Conjuration/Air              3
   Lightning Bolt                     Conjuration/Air              5
 B - a manual of
Armour
 O - a book of Dreams

   Spells                             Type                      Level
   Ensorcelled Hibernation            Hexes/Ice                    2
   *Flight                            Charms/Air                   3
   *Phase Shift                       Translocation                5
   Shadow Creatures                   Summoning                    5
   Mass Confusion                     Hexes                        6
   Darkness                           Hexes                        7
 V - a book of Burglary

   Spells                             Type                      Level
   *Swiftness                         Charms/Air                   2
   *Passwall                          Transmutation/Earth          3
   *Passage of Golubria               Translocation                4
   Lee's Rapid Deconstruction         Earth                        5
   Invisibility                       Hexes                        6
   Darkness                           Hexes                        7
Miscellaneous
 P - a lamp of fire
Rods
 b - a +8 rod of inaccuracy (14/14)
   (You found it in a labyrinth)
 c - a +0 rod of clouds (10/10)
   (You found it on level 3 of the Lair of Beasts)


   Skills:
 - Level 12.0 Fighting
 - Level 11.7 Short Blades
 - Level 7.8 Armour
 - Level 10.0 Dodging
 - Level 10.0 Stealth
 - Level 5.3 Shields
 - Level 10.0 Spellcasting
 - Level 8.0 Charms
 - Level 3.1 Necromancy
 + Level 2.0 Translocations
 - Level 1.0 Transmutations
 - Level 0.6 Earth Magic
 - Level 7.0 Invocations


You had one spell level left.
You knew the following spells:

 Your Spells              Type           Power        Failure   Level  Hunger
a - Infusion              Chrm           ####..       1%          1    None
b - Swiftness             Chrm/Air       ###.....     2%          2    None
c - Song of Slaying       Chrm           ####....     1%          2    None
d - Ozocubu's Armour      Chrm/Ice       ###.....     6%          3    #......
e - Passwall              Trmt/Erth      #.........   24%         3    #......
f - Flight                Chrm/Air       ###.......   6%          3    #......
g - Passage of Golubria   Tloc           N/A          41%         4    ###....
n - Repel Missiles        Chrm/Air       ###...       2%          2    None
r - Regeneration          Chrm/Necr      ###.......   2%          3    #......
s - Shroud of Golubria    Chrm/Tloc      ###.......   1%          2    None
w - Spectral Weapon       Hex/Chrm       ###.....     6%          3    #......
x - Phase Shift           Tloc           ##........   93%         5    ####...


Dungeon Overview and Level Annotations

Branches:
Dungeon (12/15)            Temple (1/1) D:6             Orc (4/4) D:12
    Elf (0/3) Orc:4          Lair (8/8) D:8          Shoals (0/5) Lair:5
 Spider (0/5) Lair:6        Slime (0/6) Lair:7

Altars:
Cheibriados
Dithmenos
Fedhas
Kikubaaqudgha
Makhleb
Okawaru
Qazlal
Trog
Vehumet
Xom
Yredelemnul
Zin
The Shining One

Shops:
D:5 ([=   D:7 *   D:9 (   D:10 !   Orc:4 :


Innate Abilities, Weirdness & Mutations

You have razor-sharp teeth.
You regenerate.
When hurt, damage is shared between your health and your magic reserves.
Your bite disrupts and absorbs the magic of your enemies.
Potions and wands cannot restore your health.
You are immune to rotting.
You possess an exceptional clarity of mind.
Your system is resistant to poisons.


Message History

The orc wizard gestures at you while chanting.
The magic dart hits you!
The orc priest calls down the wrath of Beogh upon you.
Something smites you!
The orc knight roars a battle-cry!
The orc priests go into a battle-frenzy!
You block the orc knight's attack.
The orc priest invokes the aid of Beogh against you.
Something smites you!
* * * LOW HITPOINT WARNING * * *
You are too injured to fight recklessly!
You are too injured to fight recklessly!
Casting: Regeneration
Confirm with . or Enter, or press ? or * to list all spells.
Your skin crawls.
The orc wizard hits you but does no damage.
The orc knight hits you with a war axe.
* * * LOW HITPOINT WARNING * * *
The orc warrior hits you with a glaive!!
You die...

##........)#.#.#.#.#.#.#.
#......o.)#...........o..
##........)##o............
#......)...####)........##
##.......).# ###.....###
##......#.# #######
##.......############## ########
#..............o.#.##.###..##...
##.........o..o@..[........##...
##......).....oo.).##.....##....
#...#........#...)).##..........
##.#........###.....##........#.
##........## ##.............#.#
#.........# ##.#.##...#......
#.........# ##...#..........
#.....#...### ##....#.........
##...###...#.## #....#......#...


You could see an orc knight, an orc warrior (frenzied), 2 orc priests and an orc
wizard (frenzied).

Vanquished Creatures
  Rupert (Lair:8)
  The ghost of gigot the Grappler, a powerful MiMo of Okawaru (Lair:3)
  An ettin (Orc:4)
  A fire dragon (Lair:7)
  A minotaur (Lab)
  Fannar (Orc:3)
  8 hydras
  Erica (D:12)
  A tengu warrior (D:10)
  15 death yaks
  A catoblepas (Lair:4)
  Nergalle (Orc:3)
  Erolcha (D:11)
  A deep elf knight (Volcano)
  A hill giant (D:11)
  An unseen horror (D:11)
  Pikel (D:5)
  2 orc knights
  An ugly thing (D:11)
  A lindwurm (Lair:8)
  An oklob plant (Lair:8)
  A griffon (Lair:7)
  A mermaid (Lair:5)
  6 elephants
  3 molten gargoyles
  A torpor snail (Lair:8)
  7 black mambas
  13 spiny frogs
  Psyche (D:9)
  5 komodo dragons
  4 fire drakes
  Grinder (D:6)
  3 merfolk (Lair:5)
  5 trolls
  4 deep elf priests (Volcano)
  4 polar bears (Lair:3)
  A wandering mushroom (Lair:7)
  Sonja (Orc:3)
  A two-headed ogre (D:8)
  2 slime creatures (Lair:7)
  12 blink frogs
  5 basilisks
  3 boulder beetles (Lair:8)
  4 ravens (D:10)
  A trapdoor spider (D:12)
  A spriggan (D:7)
  2 wyverns
  7 hippogriffs
  30 yaks
  A deep elf fighter (Volcano)
  3 vampire mosquitoes (D:12)
  A wraith (D:10)
  A tengu zombie (D:12)
  21 wolves
  2 wargs
  6 porcupines
  A tengu skeleton (D:10)
  12 water moccasins
  19 orc warriors
  A phantom (D:8)
  2 ice beasts (D:10)
  A yellow wasp (D:11)
  6 spiders (Lair:6)
  A necrophage (D:12)
  3 centaurs
  5 sky beasts
  5 black bears
  13 crocodiles
  10 ogres
  2 boring beetles (Lair:8)
  16 giant frogs
  2 eyes of draining (D:12)
  20 killer bees
  A troll zombie (D:7)
  2 scorpions
  4 electric eels
  A yak skeleton (D:9)
  A centaur zombie (D:12)
  A lava snake (Volcano)
  8 wights
  A goliath beetle (D:7)
  12 jellies
  A quasit (D:9)
  5 crimson imps
  An elf zombie (D:11)
  5 iguanas
  21 orc priests
  14 worker ants
  12 hounds
  A black bear skeleton (D:4)
  24 orc wizards
  Natasha (D:4)
  A killer bee zombie (D:10)
  27 sheep
  Ijyb (D:6)
  A crocodile skeleton (D:9)
  A mummy (D:11)
  4 gnolls (D:7)
  44 green rats
  28 adders
  2 shadow imps
  A giant mite (D:11)
  A worm (D:5)
  An iguana skeleton (D:5)
  4 giant geckos
  165 orcs
  2 bat skeletons (D:7)
  7 giant cockroaches
  15 goblins
  25 hobgoblins
  5 jackals
  12 quokkas
  2 ball pythons (D:3)
  A ball python skeleton (D:4)
  17 bats
  5 giant newts
  12 kobolds
  An orc skeleton (D:4)
  A quokka skeleton (D:4)
  19 rats
  2 rat skeletons
849 creatures vanquished.

Vanquished Creatures (others)
  2 spectral weapons
  A giant frog (D:6)
  A goblin (D:6)
  A plant (D:8)
5 creatures vanquished.

Grand Total: 854 creatures vanquished

Notes
Turn   | Place    | Note
--------------------------------------------------------------
     0 | D:1      | Rhoefr, the Vine Stalker Skald, began the quest for the Orb.
     0 | D:1      | Reached XP level 1. HP: 11/11 MP: 3/3
   177 | D:1      | Reached XP level 2. HP: 4/15 MP: 1/5
   798 | D:1      | Learned a level 2 spell: Shroud of Golubria
   834 | D:2      | Reached XP level 3. HP: 18/18 MP: 7/7
   844 | D:2      | Reached skill level 1 in Armour
  1008 | D:2      | Reached skill level 1 in Dodging
  1050 | D:2      | Found a glowing silver altar of Zin.
  1234 | D:2      | Reached XP level 4. HP: 23/23 MP: 8/8
  1529 | D:3      | Learned a level 3 spell: Regeneration
  1578 | D:3      | Found a snail-covered altar of Cheibriados.
  1801 | D:3      | Reached skill level 1 in Necromancy
  1801 | D:3      | Reached XP level 5. HP: 18/26 MP: 9/11
  1902 | D:3      | Found a glowing golden altar of the Shining One.
  1902 | D:3      | Found a shadowy altar of Dithmenos.
  1903 | D:3      | Found a bloodstained altar of Trog.
  1990 | D:3      | Reached skill level 4 in Charms
  2161 | D:4      | Gained mutation: You heal very quickly. [vine stalker growth]
  2161 | D:4      | Reached XP level 6. HP: 30/30 MP: 12/12
  2181 | D:4      | Noticed Natasha
  2191 | D:4      | Killed Natasha
  2280 | D:4      | Noticed an ogre
  2287 | D:4      | Killed an ogre
  2287 | D:4      | Reached skill level 5 in Charms
  2706 | D:4      | Found a basalt altar of Yredelemnul.
  2943 | D:5      | Entered Level 5 of the Dungeon
  2961 | D:5      | Reached XP level 7. HP: 27/34 MP: 12/14
  3039 | D:5      | Reached skill level 5 in Short Blades
  3200 | D:5      | Noticed Pikel
  3216 | D:5      | Killed Pikel
  3216 | D:5      | Reached skill level 6 in Short Blades
  3216 | D:5      | Reached skill level 7 in Charms
  3216 | D:5      | Gained mutation: You have razor-sharp teeth. [vine stalker growth]
  3216 | D:5      | Reached XP level 8. HP: 30/38 MP: 16/16
  3279 | D:5      | Found Varramar's Antique Armour Shop.
  3483 | D:5      | Found Iren's Jewellery Emporium.
  3599 | D:5      | Found a radiant altar of Vehumet.
  3749 | D:5      | Found Terynuna's Weapon Boutique.
  3902 | D:6      | Found a stormy altar of Qazlal.
  3911 | D:6      | Noticed Ijyb
  3926 | D:6      | Killed Ijyb
  4009 | D:6      | Learned a level 3 spell: Spectral Weapon
  4446 | D:6      | Found a staircase to the Ecumenical Temple.
  4456 | Temple   | Entered the Ecumenical Temple
  4460 | Temple   | Became a worshipper of Warmaster Okawaru
  4855 | D:6      | Noticed Grinder
  4870 | D:6      | Killed Grinder
  4870 | D:6      | Reached XP level 9. HP: 42/42 MP: 18/18
  5113 | D:7      | Acquired Okawaru's first power
  5392 | D:7      | Found Roug's Assorted Antiques.
  5401 | D:7      | Bought a glowing leather armour for 42 gold pieces
  5599 | D:5      | Bought a pair of jewelled boots for 266 gold pieces
  5605 | D:5      | Identified the +2 pair of boots of the Evil One {Str-2 Dex+3} (You bought it in a shop on level 5 of the Dungeon)
  5788 | D:7      | Found an ancient bone altar of Kikubaaqudgha.
  5790 | D:7      | Found a blossoming altar of Fedhas.
  5798 | D:7      | Found a shadowy altar of Dithmenos.
  6013 | D:8      | Found a radiant altar of Vehumet.
  6017 | D:8      | Got a garnet-encrusted chain mail
  6031 | D:8      | Reached skill level 8 in Short Blades
  6033 | D:8      | Got a steaming ring mail
  6196 | D:8      | Found a staircase to the Lair.
  6201 | D:8      | Noticed a komodo dragon
  6246 | D:8      | Killed a komodo dragon
  6246 | D:8      | Reached skill level 9 in Short Blades
  6246 | D:8      | Reached XP level 10. HP: 32/46 MP: 11/21
  6640 | Lair:1   | Entered Level 1 of the Lair of Beasts
  6783 | Lair:1   | Reached skill level 10 in Short Blades
  6907 | Lair:1   | Reached skill level 5 in Stealth
  7138 | Lair:1   | Reached skill level 1 in Shields
  7177 | Lair:1   | Reached XP level 11. HP: 50/50 MP: 18/22
  7181 | Lair:1   | Learned a level 2 spell: Song of Slaying
  7319 | Lair:1   | Received a gift from Okawaru
  7928 | Lair:2   | Reached skill level 5 in Shields
  8471 | Lair:3   | Reached skill level 5 in Dodging
  8658 | Lair:3   | Noticed gigot's ghost (powerful MiMo)
  8772 | Lair:3   | Killed gigot's ghost
  8772 | Lair:3   | Reached skill level 5 in Spellcasting
  9047 | Lair:3   | Acquired Okawaru's second power
  9236 | Lair:3   | Identified a +0 rod of clouds (10/10) (You found it on level 3 of the Lair of Beasts)
  9713 | Lair:4   | Received a gift from Okawaru
  9714 | Lair:4   | Got a smoking battleaxe {god gift}
  9776 | Lair:4   | Gained mutation: You regenerate. [vine stalker growth]
  9776 | Lair:4   | Reached XP level 12. HP: 54/54 MP: 26/28
  9823 | Lair:4   | Noticed a five-headed hydra
  9837 | Lair:4   | Killed a five-headed hydra
  9887 | Lair:4   | Noticed a seven-headed hydra
  9897 | Lair:4   | Killed a seven-headed hydra
 10384 | Lair:5   | Found a staircase to the Shoals.
 10998 | Lair:5   | Got a bloodstained quarterstaff
 11004 | Lair:5   | Identified the +5 quarterstaff of Fruag {crush, rF++ rC+ Stlth+} (You found it on level 5 of the Lair of Beasts)
 11022 | Lair:5   | Identified the cursed -5 ring mail "Xovemput" {Str-4 Curse} (You found it on level 8 of the Dungeon)
 11035 | Lair:5   | Identified the +6 chain mail of Beogh's Pride {Dex+2 Stlth+} (You found it on level 8 of the Dungeon)
 11329 | Lair:6   | Found a dark tunnel.
 11335 | Volcano  | Entered a volcano
 11545 | Volcano  | Found a bloodstained altar of Trog.
 11554 | Volcano  | Reached skill level 11 in Short Blades
 11823 | Lair:6   | Noticed a five-headed hydra
 11836 | Lair:6   | Killed a five-headed hydra
 11893 | Lair:6   | Received a gift from Okawaru
 11942 | Lair:6   | Reached XP level 13. HP: 58/58 MP: 29/29
 11971 | Lair:6   | Noticed a seven-headed hydra
 11977 | Lair:6   | Killed a seven-headed hydra
 12034 | Lair:6   | Learned a level 2 spell: Swiftness
 12047 | Lair:6   | Noticed a four-headed hydra
 12053 | Lair:6   | Killed a four-headed hydra
 12053 | Lair:6   | Reached skill level 10 in Dodging
 12214 | Lair:6   | Reached skill level 10 in Stealth
 12412 | Lair:6   | Found a hole to the Spider Nest.
 12915 | D:9      | Noticed Psyche
 12926 | D:9      | Killed Psyche
 12990 | D:9      | Found Ghou's Weapon Shop.
 13287 | D:10     | Entered Level 10 of the Dungeon
 13304 | D:10     | Found Zejixeor's Distillery.
 13343 | D:10     | Bought a potion of beneficial mutation for 350 gold pieces
 13343 | D:10     | Bought a potion of curing for 20 gold pieces
 13344 | D:10     | Gained mutation: You possess an exceptional clarity of mind. [potion of beneficial mutation]
 13438 | D:10     | Found a flagged portal.
 13450 | Bailey   | Entered a bailey
 13995 | Bailey   | Reached skill level 1 in Invocations
 14742 | D:11     | Learned a level 2 spell: Repel Missiles
 14747 | D:11     | Learned a level 3 spell: Flight
 14751 | D:11     | Learned a level 3 spell: Ozocubu's Armour
 14931 | D:11     | Gained mutation: Your system is resistant to poisons. [potion of beneficial mutation]
 14958 | D:11     | Noticed Erolcha
 14959 | D:11     | Killed Erolcha
 15369 | D:12     | Found a staircase to the Orcish Mines.
 15393 | D:12     | Noticed Erica
 15394 | D:12     | Found a labyrinth entrance.
 15403 | D:12     | Killed Erica
 15403 | D:12     | Reached skill level 5 in Fighting
 15418 | D:12     | Reached skill level 5 in Invocations
 15446 | D:12     | Got a faintly glowing robe
 15449 | Lab      | Entered a labyrinth
 15460 | Lab      | Identified the +0 robe of the Turtledove {Str+5 Int+1} (You found it on level 12 of the Dungeon)
 15592 | Lab      | Noticed a minotaur
 15594 | Lab      | Killed a minotaur
 15594 | Lab      | Received a gift from Okawaru
 15613 | Lab      | Identified a +8 rod of inaccuracy (14/14) (You found it in a labyrinth)
 15616 | Lab      | Identified the Collected Works on Augmentations (You found it in a labyrinth)
 15622 | Lab      | Identified a +4 rod of the swarm (13/13) (You found it in a labyrinth)
 15656 | D:12     | Learned a level 3 spell: Passwall
 16153 | D:12     | Reached XP level 14. HP: 70/70 MP: 31/31
 16306 | Orc:1    | Entered Level 1 of the Orcish Mines
 16805 | Orc:1    | Reached skill level 5 in Armour
 17357 | Orc:3    | Noticed Fannar
 17386 | Orc:3    | Killed Fannar
 17548 | Orc:3    | Noticed Sonja
 17641 | Orc:3    | Killed Sonja
 18324 | Lair:7   | Found a staircase to the Slime Pits.
 18451 | Lair:7   | Received a gift from Okawaru
 19465 | Lair:8   | Entered Level 8 of the Lair of Beasts
 19465 | Lair:8   | Found a shimmering altar of Xom.
 19482 | Lair:8   | Reached skill level 10 in Fighting
 19680 | Lair:7   | Received a gift from Okawaru
 19708 | Lair:7   | Got a warped cloak {god gift}
 19714 | Lair:7   | Identified the +1 cloak "Xenwuzy" {Int+3 Slay+3} (Okawaru gifted it to you on level 7 of the Lair of Beasts)
 20231 | Lair:8   | Noticed Rupert
 20251 | Lair:8   | Killed Rupert
 20251 | Lair:8   | Reached XP level 15. HP: 40/83 MP: 33/33
 20503 | Lair:8   | Received a gift from Okawaru
 20892 | Lair:8   | Reached skill level 12 in Fighting
 20892 | Lair:8   | Reached skill level 10 in Spellcasting
 21392 | Orc:3    | Noticed Nergalle
 21398 | Orc:3    | Killed Nergalle
 21457 | Orc:4    | Entered Level 4 of the Orcish Mines
 21467 | Orc:4    | Found a staircase to the Elven Halls.
 21485 | Orc:4    | Reached skill level 1 in Transmutations
 21603 | Orc:4    | Found Tauhuu's Book Boutique.
 21627 | Orc:4    | Bought a book of Dreams for 825 gold pieces
 21635 | Orc:4    | Learned a level 5 spell: Phase Shift
 21748 | Orc:4    | Learned a level 4 spell: Passage of Golubria
 21916 | Orc:4    | Reached skill level 1 in Translocations
 22264 | Orc:4    | Mangled by an orc warrior

Action                   |  1- 3 |  4- 6 |  7- 9 | 10-12 | 13-15 || total
-------------------------+-------+-------+-------+-------+-------++-------
Melee: Short sword       |    14 |       |       |       |       ||    14
       Dagger            |    59 |   129 |   233 |   655 |  1317 ||  2393
Throw: Javelin           |       |       |       |       |     6 ||     6
 Cast: Regeneration      |       |     2 |    12 |    14 |    23 ||    51
       Infusion          |       |     6 |    13 |     4 |       ||    23
       Shroud of Golubri |       |     1 |    18 |    29 |    42 ||    90
       Spectral Weapon   |       |       |     3 |    10 |     1 ||    14
       Ozocubu's Armour  |       |       |       |       |    28 ||    28
       Repel Missiles    |       |       |       |       |     2 ||     2
       Flight            |       |       |       |       |     4 ||     4
Invok: Heroism           |       |       |       |    14 |     9 ||    23
Evoke: Wand              |       |       |     2 |     4 |    10 ||    16
       Rod               |       |       |       |       |     4 ||     4
  Use: Scroll            |     5 |     6 |     7 |    11 |    17 ||    46
       Potion            |       |       |       |     3 |     3 ||     6
 Stab: Sleeping          |       |       |     2 |    28 |    61 ||    91
       Distracted        |       |       |       |     4 |     5 ||     9
  Eat: Chunk             |     1 |     4 |    14 |    15 |     9 ||    43
       Fruit             |       |     2 |       |     5 |     7 ||    14
       Beef jerky        |       |       |       |     2 |       ||     2
       Pizza             |       |       |       |     1 |     1 ||     2
       Royal jelly       |       |       |       |       |     1 ||     1
       Meat ration       |       |       |       |       |     3 ||     3
